 Dungeon Crawl Stone Soup version 0.19.1 (webtiles) character file.

3472 nikopol the Cleaver (level 9, -14/121 HPs)
             Began as a Minotaur Berserker on Nov 28, 2016.
             Was an Elder of Trog.
             Killed from afar by an ice statue (17 damage)
             ... with a shard of ice
             ... on level 7 of the Dungeon.
             The game lasted 00:19:16 (6654 turns).

nikopol the Cleaver (Minotaur Berserker)            Turns: 6654, Time: 00:19:16

Health: -14/121    AC:  8    Str: 27    XL:     9   Next: 79%
Magic:  8/8        EV: 15    Int:  4    God:    Trog [****..]
Gold:   315        SH:  0    Dex: 13    Spells: 0 memorised, 8 levels left

rFire  . . .     SeeInvis .     a - +0 war axe
rCold  . . .     Gourm    .     L - +0 ring mail (curse)
rNeg   . . .     Faith    .     (no shield)
rPois  .         Spirit   .     (helmet restricted)
rElec  .         Reflect  .     K - +0 cloak
rCorr  .         Harm     .     (no gloves)
MR     +....                    (no boots)
Stlth  ..........               (no amulet)
                                (no ring)
                                (no ring)

@: berserking, flying (expiring), very quick
A: retaliatory headbutt, horns 2, blink, magic resistance 1
a: Blink, Berserk, Trog's Hand, Brothers in Arms, Burn Spellbooks, Renounce
Religion


You were on level 7 of the Dungeon.
You worshipped Trog.
Trog was greatly pleased with you.
You were very hungry.

You visited 1 branch of the dungeon, and saw 7 of its levels.

You collected 315 gold pieces.

Inventory:

Hand Weapons
 a - a +0 war axe (weapon)
 z - a +0 shortbow
 A - a +0 hand axe
Missiles
 G - 26 arrows (quivered)
Armour
 b - a +0 animal skin
 i - a +0 scale mail
 K - a +0 cloak (worn)
 L - a cursed +0 ring mail (worn)
Jewellery
 q - a +2 ring of dexterity {unknown}
 x - an uncursed ring of wizardry {unknown}
Wands
 n - a wand of enslavement (9/24)
 H - a wand of polymorph (10/24)
 N - a wand of polymorph (12/24)
 O - a wand of hasting (2/9)
Scrolls
 d - 3 scrolls of fear {unknown}
 g - 2 scrolls of amnesia {unknown}
 j - 5 scrolls of teleportation {unknown}
 p - 3 scrolls of blinking {unknown}
 u - a scroll of noise {unknown}
 v - 4 scrolls of remove curse {unknown}
 w - a scroll of immolation {unknown}
 y - 2 scrolls of enchant weapon {unknown}
 F - 3 scrolls of brand weapon {unknown}
Potions
 h - 2 potions of agility
 k - 2 potions of might
 m - a potion of berserk rage
 r - a potion of mutation
 s - a potion of haste {unknown}
 t - 3 potions of lignification
 B - 2 potions of degeneration
 C - a potion of curing {unknown}
 D - a potion of ambrosia {unknown}
 E - a potion of resistance {unknown}
Comestibles
 c - 3 bread rations
 f - a royal jelly
 o - 4 meat rations
 M - 4 fruits


   Skills:
 + Level 8.2 Fighting
 * Level 9.6 Axes
 * Level 4.7 Bows
 + Level 8.1 Armour
 + Level 7.3 Dodging


You had 8 spell levels left.
You didn't know any spells.

Dungeon Overview and Level Annotations

Branches:
Dungeon (7/15)             Temple (0/1) D:6

Altars:
Ashenzari
Dithmenos
Vehumet

Annotations:
D:7 exclusion: ice statue


Innate Abilities, Weirdness & Mutations

You reflexively headbutt those who attack you in melee.
You have a pair of horns on your head.
You can translocate small distances at will.
You are resistant to hostile enchantments. (MR+)


Message History

You hit the ice statue but do no damage.
Your headbutt misses the ice statue.
The ice statue is heavily damaged.
You slash the electric eel! You slash the ice beast! You hit the ice beast.
The ice statue gestures.
The ice beast hits you but does no damage.
The electric eel shoots out a bolt of lightning at you!
The bolt of electricity hits you!
* * * LOW HITPOINT WARNING * * *
The bolt of electricity misses you.
The bolt of electricity hits the electric eel.
The electric eel completely resists.
The ice beast hits you but does no damage.
You slash the ice statue! You headbutt the ice statue.
The ice statue is severely damaged.
You barely miss the electric eel. You closely miss the ice beast.
You barely miss the ice beast. You slash the ice beast!
The ice statue gestures at you. The shard of ice hits you!
You die...

## ######
|=# #....#
####[|#
#(...#
#8#≈[)#
#....#
##@Y≈≈≈#
#....#
##;YY≈≈##
#....#
#≈≈≈≈≈##
#....#
##≈≈≈###
#....# ###
#≈≈≈##
#....# #..
##≈≈≈#
#....# #..
#≈≈≈##
#....# #..
#≈≈≈#
#....###..
#≈≈≈##
#.....##..


You could see an ice statue, 3 ice beasts and an electric eel.

Vanquished Creatures
  The ghost of nikopol the Chopper, a novice MiBe of Trog (D:5)
  Joseph (D:7)
  Prince Ribbit (D:7)
  Grinder (D:6)
  Eustachio (D:4)
  An orc warrior (D:6)
  A sky beast (D:6)
  A phantom (D:3)
  2 ogres
  A centaur (D:5)
  A crocodile (D:7)
  Blork the orc (D:6)
  A big kobold (D:5)
  A bullfrog (D:7)
  A water moccasin skeleton (D:5)
  4 scorpions
  2 electric eels (D:7)
  2 howler monkeys
  A crimson imp (D:7)
  A bullfrog zombie (D:5)
  A centaur zombie (D:5)
  2 centaur skeletons (D:4)
  2 jellies
  An orc priest (D:4)
  4 hounds
  4 bullfrog skeletons (D:5)
  2 iguanas
  4 worker ants
  3 orc wizards (D:6)
  2 hound zombies
  A hound skeleton (D:5)
  A worker ant zombie (D:5)
  10 adders
  3 gnolls (D:4)
  A shadow imp (D:5)
  An ooze (D:2)
  A worm (D:3)
  3 dart slugs (D:2)
  5 leopard geckos
  17 orcs
  A ball python (D:5)
  11 bats
  7 giant cockroaches
  6 goblins
  5 hobgoblins
  7 jackals
  9 kobolds
  5 quokkas
  4 frilled lizards
  A quokka zombie (D:6)
  10 rats
160 creatures vanquished.

Vanquished Creatures (others)
  5 toadstools (D:1)
5 creatures vanquished.

Grand Total: 165 creatures vanquished

Notes
Turn   | Place    | Note
-------+----------+-------------------------------------------
     0 | D:1      | nikopol the Minotaur Berserker began the quest for the Orb.
     0 | D:1      | Reached XP level 1. HP: 19/19 MP: 0/0
   178 | D:1      | Reached XP level 2. HP: 20/27 MP: 1/1
   827 | D:2      | Reached skill level 4 in Axes
   827 | D:2      | Reached XP level 3. HP: 32/33 MP: 2/2
   844 | D:2      | Reached ** piety under Trog
  1208 | D:2      | Reached XP level 4. HP: 33/40 MP: 3/3
  1674 | D:3      | Reached XP level 5. HP: 36/47 MP: 4/4
  1759 | D:3      | Noticed a phantom
  1799 | D:3      | Killed a phantom
  1799 | D:3      | Reached skill level 5 in Axes
  1799 | D:3      | Reached XP level 6. HP: 22/55 MP: 5/5
  2462 | D:4      | Reached skill level 5 in Fighting
  2609 | D:4      | Reached skill level 5 in Armour
  2613 | D:4      | Reached *** piety under Trog
  2716 | D:4      | Noticed Eustachio
  2738 | D:4      | Killed Eustachio
  2738 | D:4      | Reached skill level 6 in Axes
  2738 | D:4      | Reached XP level 7. HP: 56/62 MP: 6/6
  2756 | D:4      | Reached skill level 5 in Dodging
  3044 | D:5      | Entered Level 5 of the Dungeon
  3062 | D:5      | Found a radiant altar of Vehumet.
  3258 | D:5      | Reached XP level 8. HP: 63/71 MP: 7/7
  3320 | D:5      | Noticed nikopol's ghost (novice MiBe)
  3339 | D:5      | Killed nikopol's ghost
  3339 | D:5      | Reached skill level 7 in Axes
  3486 | D:5      | Reached **** piety under Trog
  3654 | D:5      | Found a shattered altar of Ashenzari.
  3685 | D:5      | Reached skill level 1 in Bows
  3930 | D:5      | Found a shadowy altar of Dithmenos.
  4471 | D:6      | Noticed Grinder
  4486 | D:6      | Killed Grinder
  4486 | D:6      | Reached skill level 8 in Axes
  4486 | D:6      | Reached XP level 9. HP: 65/79 MP: 8/8
  4564 | D:6      | Noticed Blork the orc
  4574 | D:6      | Killed Blork the orc
  4874 | D:6      | Found a staircase to the Ecumenical Temple.
  5113 | D:6      | Found a shattered altar of Ashenzari.
  5728 | D:7      | Noticed Prince Ribbit
  5736 | D:7      | Killed Prince Ribbit
  5736 | D:7      | Reached skill level 9 in Axes
  5777 | D:7      | Noticed Joseph
  5788 | D:7      | Killed Joseph
  6616 | D:7      | Gained mutation: You can translocate small distances at will. [potion of beneficial mutation]
  6617 | D:7      | Gained mutation: You are resistant to hostile enchantments. (MR+) [potion of beneficial mutation]
  6642 | D:7      | Noticed an ice statue
  6651 | D:7      | HP: 6/121 [ice beast[an ice statue] (12)]
  6654 | D:7      | Killed from afar by an ice statue

Skill      XL: |  1  2  3  4  5  6  7  8  9 |
---------------+----------------------------+-----
Armour         | 3 4 5 6 7 8 |  8.1
Axes           | 4 5 6 8 9 |  9.6
Dodging        | 3 4 5 6 7 |  7.3
Fighting       | 4 5 6 7 8 |  8.2
Bows           | 2 4 |  4.7

Action                   |  1- 3 |  4- 6 |  7- 9 || total
-------------------------+-------+-------+-------++-------
Melee: Hand axe          |    82 |   133 |    11 ||   226
       Headbutt          |    10 |    23 |    37 ||    70
       War axe           |       |       |   152 ||   152
 Fire: Shortbow          |       |       |   126 ||   126
Invok: Berserk           |       |     1 |     5 ||     6
       Burn Spellbooks   |       |       |     4 ||     4
  Use: Scroll            |       |       |     8 ||     8
       Potion            |       |       |     3 ||     3
  Eat: Chunk             |     1 |     6 |    16 ||    23
Armor: Animal skin       |     9 |       |       ||     9
       Scale mail        |    19 |    48 |    54 ||   121
       Ring mail         |       |       |    16 ||    16
Dodge: Dodged            |    63 |    82 |   131 ||   276
